 Dungeon Crawl Stone Soup version 0.23.0 (webtiles) character file.

Game seed: 2753456021546429773

12610 Kairos the Cleaver (level 11, 0/87 HPs)
             Began as a Vine Stalker Fighter on Feb 9, 2019.
             Was an Elder of Okawaru.
             Succumbed to a redback's poison
             ... on level 2 of the Lair of Beasts.
             The game lasted 00:22:57 (9305 turns).

Kairos the Cleaver (Vine Stalker Fighter)           Turns: 9305, Time: 00:22:58

Health: 0/87       AC: 14    Str: 26    XL:     11   Next: 96%
Magic:  13/13      EV:  9    Int:  8    God:    Okawaru [****..]
Gold:   449        SH: 15    Dex: 19    Spells: 10/10 levels left

rFire    . . .     SeeInvis .   v - +1 hand axe (vamp)
rCold    . . .     Gourm    .   c - +3 shield
rNeg     . . .     Faith    .   u - +0 chain mail
rPois    +         Spirit   +   o - +0 helmet
rElec    .         Reflect  .   (no cloak)
rCorr    .         Harm     .   (no gloves)
MR       +....                  (no boots)
Stlth    ..........             (no amulet)
HPRegen  0.64/turn              j - +3 ring of protection
MPRegen  0.13/turn              r - ring "Vuifats" {rPois Dex+4}

@: berserking, lethally poisoned (0 -> -16), very quick
A: fangs 3, regeneration 1, magic shield, antimagic bite, no potion heal 3, rot
immunity
a: Heroism, Renounce Religion


You were on level 2 of the Lair of Beasts.
You worshipped Okawaru.
Okawaru was greatly pleased with you.
You were not hungry.

You visited 3 branches of the dungeon, and saw 12 of its levels.

You collected 449 gold pieces.

Inventory:

Hand Weapons
 a - a +4 war axe
 s - a +1 flail of protection
 t - a +1 hand axe of flaming
 v - a +1 vampiric hand axe (weapon)
 P - a cursed -2 whip
Missiles
 O - 7 silver tomahawks (quivered)
Armour
 b - a +0 scale mail
 c - a +3 shield (worn)
 o - a +0 helmet (worn)
 u - a +0 chain mail (worn)
 L - the +0 leather armour of the Dolphin {MR+}
   (You found it on level 7 of the Dungeon)

   It affects your resistance to hostile enchantments.
Jewellery
 g - an uncursed ring of protection from fire
 j - a +3 ring of protection (left hand)
 r - the ring "Vuifats" (right hand) {rPois Dex+4}
   (You found it on level 6 of the Dungeon)

   [ring of poison resistance]

   It affects your dexterity (+4).
   It protects you from poison.
 B - an uncursed ring of protection from cold
Wands
 m - a wand of disintegration (18)
 y - a wand of paralysis (5)
 E - a wand of iceblast (6)
 G - a wand of enslavement (8)
 J - a wand of flame (20)
 N - a wand of random effects (19)
 R - a wand of polymorph (4)
Scrolls
 h - 4 scrolls of amnesia
 k - a scroll of fog
 n - 2 scrolls of magic mapping
 p - a scroll of fear
 w - a scroll of immolation
 x - a scroll of blinking
 D - 5 scrolls of teleportation
 I - a scroll of torment
 K - 3 scrolls of enchant armour
 T - a scroll of summoning
Potions
 d - 2 potions of might
 i - 2 potions of curing
 l - a potion of lignification
 q - 4 potions of brilliance
 z - 3 potions of heal wounds {unknown}
 A - a potion of mutation {unknown}
 C - 2 potions of flight {unknown}
 F - a potion of degeneration {unknown}
 H - a potion of agility {unknown}
 M - 2 potions of haste {unknown}
Miscellaneous
 Q - a lightning rod (4/4)
 S - a phantom mirror
Comestibles
 f - 17 rations


   Skills:
 + Level 7.2 Fighting
 + Level 11.0 Axes
 + Level 6.7 Armour
 + Level 3.2 Dodging
 + Level 2.4 Stealth
 + Level 8.7 Shields
 + Level 0.1 Invocations
 + Level 1.3 Evocations


You had 10 spell levels left.
You didn't know any spells.
Your spell library contained the following spells:

 Spells                   Type           Power        Failure   Level  Hunger
 Beastly Appendage        Tmut           #.....       99%         1    ##.....
 Sticks to Snakes         Tmut           #.......     100%        2    ###....
 Spider Form              Tmut/Pois      #.........   100%        3    ####...
 Ice Form                 Ice/Tmut       #.......     100%        4    #####..
 Blade Hands              Tmut           #.........   100%        5    ######.


Dungeon Overview and Level Annotations

Branches:
Dungeon (9/15)             Temple (1/1) D:6            Lair (2/6) D:9
  Swamp: Lair:2-4    Shoals: Lair:2-4     Snake: Lair:2-4    Spider: Lair:2-4
    Orc: D:9-12

Altars:
Ashenzari
Cheibriados
Dithmenos
Elyvilon
Fedhas
Gozag
Hepliaklqana
Kikubaaqudgha
Makhleb
Nemelex Xobeh
Okawaru
Qazlal
Ru
Sif Muna
Trog
Uskayaw
Vehumet
Wu Jian
Xom
Yredelemnul
Zin
The Shining One

Shops:
D:5 [


Innate Abilities, Weirdness & Mutations

You have razor-sharp teeth.
Your natural rate of healing is unusually fast.
When hurt, damage is shared between your health and your magic reserves.
Your bite disrupts and absorbs the magic of your enemies.
Potions cannot restore your health.
You are immune to rotting.


Message History

You block the redback's attack.
You closely miss the redback. You bite the redback. You drain its power.
The redback is almost dead.
* * * LOW HITPOINT WARNING * * *
You feel sick. The redback barely misses you.
You slash the redback!
You feel better.
You kill the redback!
Okawaru accepts your kill.
* * * LOW HITPOINT WARNING * * *
You feel very sick.
* * * LOW HITPOINT WARNING * * *
You feel very sick.
* * * LOW HITPOINT WARNING * * *
You feel very sick.
A red film seems to cover your vision as you go berserk!
You feel yourself moving faster!
You feel mighty!
* * * LOW HITPOINT WARNING * * *
You feel sick.
You feel a strong urge to attack something.
You die...

........................P..
......................P....
###...#..#+.+.##..†........
#.....###.#.##.†.†........
#......#P+.+###†.†..#.....
..+.<..#.....# #...........
.)P...###....###.....##....
#.#...P##....#P.....(.#....
##....#####..##.@....... .(
#....# ##.####.....##.. .
.....# ##P...##.....##..#
....... .........†.......#
....... ................
................
................
................
.............##.


There were no monsters in sight!

Vanquished Creatures
  Harold (D:7)
  2 two-headed ogres
  3 spiny frogs (Lair:1)
  2 rime drakes (Lair:1)
  A komodo dragon (Lair:1)
  A queen bee (Lair:1)
  7 blink frogs (Lair:2)
  2 hippogriffs
  2 redbacks (Lair:2)
  4 yaks (D:9)
  2 hungry ghosts
  3 water moccasins
  2 porcupines
  5 ice beasts
  A hornet zombie (D:9)
  A necrophage (D:7)
  A sky beast (D:9)
  3 ogres
  4 phantoms
  3 centaurs
  3 wolves (Lair:1)
  3 crocodiles
  A big kobold (D:8)
  8 bullfrogs
  A water moccasin zombie (D:9)
  A wyvern skeleton (D:7)
  3 scorpions
  24 killer bees
  An electric eel (Lair:1)
  A howler monkey (D:4)
  A bullfrog zombie (D:8)
  4 crimson imps
  3 centaur skeletons
  2 hounds
  A jelly (D:5)
  6 orc priests
  2 bullfrog skeletons
  6 orc wizards
  4 iguanas
  11 worker ants
  The ghost of doot the Insei, a weakling MfTm (D:7)
  A hound zombie (D:8)
  A worker ant zombie (D:7)
  Robin (D:3)
  3 gnolls (D:4)
  19 adders
  2 shadow imps
  An adder skeleton (D:4)
  7 worms
  A dart slug (D:2)
  4 leopard geckos
  28 orcs
  7 giant cockroaches
  15 goblins
  8 hobgoblins
  12 jackals
  A quokka (D:7)
  3 bats (D:1)
  6 frilled lizards
  A jackal zombie (D:5)
  13 kobolds
  2 leopard gecko skeletons
  A quokka skeleton (D:8)
  A quokka zombie (D:6)
  8 rats
283 creatures vanquished.

Vanquished Creatures (others)
  A fungus (Lair:2)
  A plant (Lair:1)
2 creatures vanquished.

Grand Total: 285 creatures vanquished

Notes
Turn   | Place    | Note
-------+----------+-------------------------------------------
     0 | D:1      | Kairos the Vine Stalker Fighter began the quest for the
                  | Orb.
     0 | D:1      | Reached XP level 1. HP: 11/11 MP: 2/2
   279 | D:1      | Reached XP level 2. HP: 16/16 MP: 3/3
   318 | D:1      | Reached skill level 2 in Axes
   980 | D:2      | Reached XP level 3. HP: 20/20 MP: 4/4
  1107 | D:2      | Noticed a moth of wrath
  1392 | D:2      | Found a bloodstained altar of Trog.
  1506 | D:2      | Gained mutation: Your natural rate of healing is unusually
                  | fast. [Vine Stalker growth]
  1506 | D:2      | Reached XP level 4. HP: 24/24 MP: 5/5
  1560 | D:2      | Reached skill level 3 in Axes
  2273 | D:3      | Reached XP level 5. HP: 28/28 MP: 4/6
  2357 | D:3      | Noticed Robin
  2370 | D:3      | Killed Robin
  3065 | D:4      | Reached skill level 4 in Axes
  3088 | D:4      | Reached XP level 6. HP: 32/32 MP: 7/7
  3093 | D:4      | Found a sacrificial altar of Ru.
  3097 | D:4      | Found a white marble altar of Elyvilon.
  3263 | D:4      | Reached skill level 1 in Dodging
  3292 | D:4      | Reached XP level 7. HP: 36/36 MP: 8/8
  3416 | D:4      | Reached skill level 1 in Stealth
  3467 | D:4      | Noticed a hippogriff
  3477 | D:4      | HP: 1/37 [hippogriff (4)]
  3482 | D:4      | Killed a hippogriff
  3482 | D:4      | Reached skill level 5 in Axes
  3570 | D:5      | Entered Level 5 of the Dungeon
  3613 | D:5      | Gained mutation: You have razor-sharp teeth. [Vine Stalker
                  | growth]
  3613 | D:5      | Reached XP level 8. HP: 39/42 MP: 7/9
  3749 | D:5      | Found a glowing silver altar of Zin.
  3765 | D:5      | Found Utuygrac's Armour Boutique.
  3849 | D:5      | Reached skill level 6 in Axes
  3888 | D:5      | You fall through a shaft for 3 floors!
  3946 | D:7      | Found a large runed translucent door.
  3946 | D:7      | Found a large runed translucent door.
  3946 | D:7      | Noticed doot's ghost (weakling MfTm)
  4400 | D:6      | Found a deep blue altar of Sif Muna.
  4491 | D:6      | Got a glittering silver ring
  4493 | D:6      | Identified the ring "Vuifats" {rPois Dex+4} (You found it
                  | on level 6 of the Dungeon)
  4565 | D:6      | Reached skill level 5 in Shields
  4596 | D:6      | Reached skill level 7 in Axes
  4630 | D:6      | Found a staircase to the Ecumenical Temple.
  4638 | D:6      | Reached XP level 9. HP: 46/46 MP: 10/10
  4651 | Temple   | Entered the Ecumenical Temple
  5747 | D:7      | Reached skill level 8 in Axes
  5751 | D:7      | Reached skill level 5 in Fighting
  5772 | D:7      | Got a fine leather armour
  5783 | D:7      | Identified the +0 leather armour of the Dolphin {MR+} (You
                  | found it on level 7 of the Dungeon)
  6111 | D:7      | Noticed Harold
  6131 | D:7      | Paralysed by Harold for 2 turns
  6144 | D:7      | Paralysed by Harold for 3 turns
  6151 | D:7      | Killed Harold
  6246 | D:7      | Killed doot's ghost
  6246 | D:7      | Reached skill level 5 in Armour
  6284 | D:8      | Noticed a two-headed ogre
  6379 | D:8      | Reached skill level 1 in Evocations
  6379 | D:8      | Reached XP level 10. HP: 50/51 MP: 11/11
  6588 | D:8      | Killed a two-headed ogre
  6588 | D:8      | Reached skill level 9 in Axes
  7228 | D:9      | Found an iron altar of Okawaru.
  7234 | D:9      | Found a shimmering altar of Xom.
  7234 | D:9      | Noticed a two-headed ogre
  7252 | D:9      | Killed a two-headed ogre
  7261 | D:9      | Became a worshipper of Warmaster Okawaru
  7424 | D:9      | Reached * piety under Okawaru
  7424 | D:9      | Reached XP level 11. HP: 56/56 MP: 13/13
  7491 | D:9      | Reached skill level 10 in Axes
  7503 | D:9      | Found a staircase to the Lair.
  7614 | D:9      | Found a snail-covered altar of Cheibriados.
  7977 | Lair:1   | Entered Level 1 of the Lair of Beasts
  8353 | Lair:1   | Reached ** piety under Okawaru
  9093 | Lair:2   | Reached *** piety under Okawaru
  9249 | Lair:2   | Reached skill level 11 in Axes
  9301 | Lair:2   | Reached **** piety under Okawaru
  9303 | Lair:2   | HP: 2/58 [poisoned by a redback]
  9305 | Lair:2   | Succumbed to a redback's poison

Skill      XL: |  1  2  3  4  5  6  7  8  9 10 11 |
---------------+----------------------------------+-----
Axes           | 2 3 4 5 7 8 9 11 | 11.0
Fighting       | 3 4 5 6 7 |  7.2
Shields        | 3 4 5 6 7 8 |  8.7
Armour         | 3 4 5 6 |  6.7
Dodging        | 1 2 3 |  3.2
Stealth        | 1 2 |  2.4
Evocations     | 1 |  1.3
Invocations    | |  0.1

Action                   |  1- 3 |  4- 6 |  7- 9 | 10-12 || total
-------------------------+-------+-------+-------+-------++-------
Melee: War axe           |    81 |   143 |    40 |       ||   264
       Bite              |    21 |    34 |   130 |   248 ||   433
       Hand axe          |       |       |   317 |   582 ||   899
Invok: Heroism           |       |       |       |     4 ||     4
Evoke: Wand              |       |       |     7 |     7 ||    14
  Use: Scroll            |     3 |     1 |    14 |     5 ||    23
       Potion            |       |       |     2 |     1 ||     3
  Eat: Chunk             |     2 |     5 |    11 |    10 ||    28
       Ration            |       |       |     2 |     1 ||     3
Armor: Scale mail        |    37 |    68 |       |       ||   105
       Chain mail        |       |     1 |   166 |   183 ||   350
Dodge: Dodged            |    22 |    35 |    64 |   110 ||   231
Block: Shield            |    43 |    89 |   173 |   365 ||   670
